 Dungeon Crawl Stone Soup version 0.29.1-2-gbd0b4ee654 (webtiles) character file.

Game seed: 4254005748907109907

23537 concernfroge the Spear-Bearer (level 12, -58/97 HPs)
             Began as a Mummy Monk on Nov 27, 2022.
             Was an Initiate of Gozag.
             Killed by an exploding elephant (75 damage)
             ... ignited by their inner flame
             ... on level 3 of the Lair of Beasts.
             The game lasted 00:37:59 (15755 turns).

concernfroge the Spear-Bearer (Mummy Monk)         Turns: 15755, Time: 00:38:00

Health: -58/97     AC: 20    Str: 24    XL:     12   Next: 72%
Magic:  21/21      EV: 15    Int: 10    God:    Gozag
Gold:   2713       SH:  6    Dex: 17    Spells: 11/11 levels left

rFire   x . .      SeeInvis +   a - +6 spear of Plague {vorpal, Str+3 Dex+3}
rCold   + + .      Faith    .   h - +0 buckler
rNeg    + + +      Spirit   .   G - +3 scale mail
rPois   ∞          Reflect  .   p - +1 helmet of Luoxtoq {MP+9 Str+2 Slay+5 Stlth-}
rElec   .          Harm     .   q - +2 cloak
rCorr   .          Rampage  .   s - +2 pair of gloves
Will    +....                   n - +2 pair of boots
Stlth   ..........              u - amulet of regeneration
HPRegen 1.06/turn               j - ring of protection from cold
MPRegen 0.17/turn               F - ring of see invisible

@: gold aura
A: cold resistance 1, negative energy resistance 3, torment resistance 2, heat
vulnerability 1, in touch with death 1, no potions
a: Renounce Religion, Potion Petition, Call Merchant, Bribe Branch


You were on level 3 of the Lair of Beasts.
You worshipped Gozag.
Gozag was most pleased with you.
You visited 3 branches of the dungeon, and saw 18 of its levels.

You collected 3278 gold pieces.
You spent 165 gold pieces at shops.
You paid 400 gold pieces to Gozag.

Inventory:

Hand Weapons
 a - the +6 spear of Plague (weapon) {vorpal, Str+3 Dex+3}
   (You found it on level 5 of the Dungeon)

   It inflicts extra damage upon your enemies.
   Str:       It affects your strength (+3).
   Dex:       It affects your dexterity (+3).
 b - a +3 scimitar of flaming
Missiles
 c - a silver boomerang
 i - 5 javelins
 l - 58 poisoned darts (quivered)
 x - 4 curare-tipped darts
 y - a boomerang
 B - 4 datura-tipped darts
Armour
 h - a +0 buckler (worn)
 n - a +2 pair of boots (worn)
 p - the +1 helmet of Luoxtoq (worn) {MP+9 Str+2 Slay+5 Stlth-}
   (You found it on level 8 of the Dungeon)

   Str:       It affects your strength (+2).
   Slay:      It affects your accuracy & damage with ranged weapons and melee
   (+5).
   MP:        It affects your magic capacity (+9).
   Stlth:     It makes you less stealthy.
 q - a +2 cloak (worn)
 s - a +2 pair of gloves (worn)
 G - a +3 scale mail (worn)
Jewellery
 j - a ring of protection from cold (left hand)
 u - an amulet of regeneration (around neck)
 F - a ring of see invisible (right hand)
Wands
 f - a wand of digging (2)
 r - a wand of flame (58)
 v - a wand of charming (10)
 z - a wand of roots (2)
 D - a wand of mindburst (24)
Scrolls
 d - 16 scrolls of teleportation
 e - 5 scrolls of enchant weapon
 g - 2 scrolls of amnesia
 m - 8 scrolls of fear
 o - 4 scrolls of blinking
 w - a scroll of poison
 C - 5 scrolls of enchant armour
 H - 2 scrolls of vulnerability
Miscellaneous
 E - a piece from Xom's chessboard (15/15)


   Skills:
 - Level 10.0 Fighting
 - Level 12.0 Polearms
 + Level 9.6 Dodging
 - Level 1.5 Stealth
 - Level 5.0 Shields
 - Level 5.0 Evocations


You had 11 spell levels left.
You didn't know any spells.
Your spell library contained the following spells:

 Spells                   Type           Power      Damage    Failure   Level
 Foxfire                  Conj/Fire      0%         2x1d4     77%         1
 Necrotise                Necr           0%         1d4       77%         1
 Sandblast                Erth           0%         2d4       77%         1
 Shock                    Conj/Air       0%         1d3       77%         1
 Sting                    Tmut/Pois      0%         1d3       77%         1
 Passwall                 Tmut/Erth      0%         N/A       88%         2
 Poisonous Vapours        Pois/Air       0%         N/A       88%         2
 Conjure Flame            Conj/Fire      0%         6-21      98%         3
 Gell's Gravitas          Tloc           0%         N/A       98%         3
 Inner Flame              Hex/Fire       0%         N/A       98%         3
 Mephitic Cloud           Conj/Pois/Air  0%         N/A       98%         3
 Ozocubu's Armour         Ice            0%         N/A       98%         3
 Stone Arrow              Conj/Erth      0%         3d7       98%         3
 Teleport Other           Tloc           0%         N/A       98%         3
 Vampiric Draining        Necr           0%         2d6       98%         3
 Cause Fear               Hex            0%         N/A       100%        4
 Flame Wave               Conj/Fire      0%         2d4       100%        4
 Olgreb's Toxic Radiance  Pois           0%         N/A       100%        4
 Petrify                  Tmut/Erth      0%         N/A       100%        4
 Agony                    Necr           0%         N/A       100%        5
 Irradiate                Conj/Tmut      0%         3d11      100%        5
 Metabolic Englaciation   Hex/Ice        0%         N/A       100%        5
 Dispersal                Tloc           0%         N/A       100%        6
 Ozocubu's Refrigeration  Ice            0%         4d7       100%        7
 Discord                  Hex            0%         N/A       100%        8
 Corpse Rot               Necr/Pois/Air  Unusable   N/A       N/A         4
 Blade Hands              Tmut           Unusable   N/A       N/A         5
 Statue Form              Tmut/Erth      Unusable   N/A       N/A         6
 Dragon Form              Tmut           Unusable   N/A       N/A         7

Dungeon Overview and Level Annotations

Branches:
Dungeon (14/15)            Temple (1/1) D:4            Lair (3/5) D:8
 Shoals (0/4) Lair:2        Snake (0/4) Lair:2          Orc (0/2) D:9
 Vaults: D:13-14

Altars:
Ashenzari
Cheibriados
Dithmenos
Fedhas
Gozag
Hepliaklqana
Kikubaaqudgha
Makhleb
Nemelex Xobeh
Okawaru
Qazlal
Ru
Sif Muna
Trog
Uskayaw
Vehumet
Wu Jian
Xom
Yredelemnul

Shops:
D:8 [

Annotations:
D:12 Nergalle


Innate Abilities, Weirdness & Mutations

You are immune to poison.
Your flesh is cold resistant. (rC+)
You are immune to negative energy. (rN+++)
You are immune to unholy pain and torment.
You are vulnerable to heat. (rF-)
You are in touch with the powers of death.
You do not drink.


Message History

The fiery explosion engulfs the death yak!!!
Flame seeps out of the death yak.
The death yak is severely wounded.
The fiery explosion engulfs the death yak!!
Flame seeps out of the death yak.
The death yak is heavily wounded.
You hear an angry hiss.
The fiery explosion engulfs the elephant!!!
Flame seeps out of the elephant.
The elephant is severely wounded.
You hear an explosion!
The fiery explosion engulfs the elephant!!
The fiery explosion engulfs the death yak!!
The death yak is heavily wounded.
You feel a bit more experienced.
The elephant explodes!
The fiery explosion engulfs the elephant!!!
The fiery explosion engulfs the death yak!!!
You kill the death yak!
The fiery explosion engulfs the elephant!!!
The fiery explosion engulfs the death yak!!! x2
Flame seeps out of the death yak.
The death yak is almost dead.
The death yak explodes!
The fiery explosion engulfs the death yak!
Flame seeps out of the death yak.
The death yak is moderately wounded.
The fiery explosion engulfs the death yak!!!
The death yak explodes!
The fiery explosion engulfs the death yak!!
Flame seeps out of the death yak.
The death yak is heavily wounded.
The elephant explodes!
The fiery explosion engulfs the death yak!!
Flame seeps out of the death yak.
The death yak is almost dead.
The fiery explosion engulfs you!!!! The fire burns you terribly!
Ouch! That really hurt!
You die...
Your body crumbles into a pile of gold.

####.#.....###.#.#....#********,,
.......................**,**,,*,,
............$..$.......,,,,,,,,,,
.........$....$........,,,,,,,,,,
............§.§§.......,,,,,,,,,,
............Y○§○....$..,,,,,,,,<,
#...##......§○§§F......,,,,,,,,,,
##.###....#..#§§###...,,,**,*,*,,
#.+##.....######@#*,,**,,,**,**,,
...P##...#.P....##*,,,,,,,,,,,,,,
....#...........**,,,**,,,,,,**,,
P..+.....###....+,,,,**,,,,,,,*,,
#.#.##..,*...P##,**,,*,,,,,,^**,,
###***,,,.##..**,*,,,*,,*,*,,,*,,
##*,,*,,,,*..*,,,*,,,*,,,,**,,*,,
..,,,,,,,,...,,,,,,,,,,,,,,,,,,,,
..,,,,,,,,,,,,,,,,,,,,,,,,,,,,,,,


You could see a death yak (inner flame).

Vanquished Creatures
  2 hydras
  Erica (D:9)
  4 two-headed ogres
  3 death yaks (Lair:3)
  The ghost of croobank the Caller, a novice OpSu of Gozag (D:7)
  A deep elf pyromancer (D:13)
  2 cyclopes
  An ugly thing (D:11)
  8 elephants
  Joseph (Lair:1)
  A moth of wrath (D:7)
  A black mamba (Lair:1)
  3 cane toads
  A gargoyle (D:11)
  A kobold demonologist (D:9)
  2 komodo dragons (Lair:2)
  A troll (D:10)
  A polar bear (Lair:2)
  5 blink frogs (Lair:2)
  11 yaks
  4 wyverns
  2 basilisks (Lair:1)
  2 steam dragons (D:8)
  8 vampire mosquitoes
  3 nagas (Lair:2)
  9 water moccasins
  A sky beast (D:6)
  A black bear (D:7)
  5 orc warriors (D:9)
  4 ice beasts
  6 wolves (Lair:2)
  5 centaurs
  2 phantoms (D:6)
  8 kobold brigands
  Blork the orc (D:6)
  12 bullfrogs
  2 necrophages (D:4)
  4 scorpions
  A water moccasin zombie (D:4)
  13 wights
  13 killer bees
  A bullfrog zombie (D:4)
  13 orc priests
  2 gnoll boudas
  3 hounds
  2 jellies
  An iguana (D:4)
  12 orc wizards
  A scorpion zombie (D:4)
  A statue (D:5)
  12 gnolls
  16 adders
  2 shadow imps
  3 white imps
  3 adder zombies (D:4)
  A dart slug (D:5)
  50 orcs
  12 ball pythons
  6 bats
  5 endoplasms
  2 giant cockroaches
  4 goblins
  8 hobgoblins
  6 jackals
  28 kobolds
  3 quokkas
  5 frilled lizards
  2 rats (D:1)
361 creatures vanquished.

Vanquished Creatures (collateral kills)
  A two-headed ogre (D:8)
  An orc (D:8)
2 creatures vanquished.

Vanquished Creatures (others)
  An orc warrior (D:9)
  A centaur (D:8)
  An orc wizard (D:8)
  An orc (D:9)
  9 fungi
  6 plants
19 creatures vanquished.

Grand Total: 382 creatures vanquished

Notes
Turn   | Place    | Note
-------+----------+-------------------------------------------
     0 | D:1      | concernfroge the Mummy Monk began the quest for the Orb.
     0 | D:1      | Reached XP level 1. HP: 18/18 MP: 1/1
    64 | D:1      | Found a faded altar of an unknown god.
   122 | D:1      | Got Plato's Guide on the Lungs
   495 | D:1      | Reached XP level 2. HP: 24/24 MP: 2/2
  1341 | D:2      | Gained mutation: You are in touch with the powers of death.
                  | [Mummy growth]
  1341 | D:2      | Reached XP level 3. HP: 28/30 MP: 3/3
  1753 | D:2      | Reached skill level 5 in Fighting
  1753 | D:2      | Reached XP level 4. HP: 37/39 MP: 4/4
  2390 | D:3      | Found a shimmering blue altar of Sif Muna.
  2502 | D:3      | Found a burning altar of Makhleb.
  2620 | D:3      | Reached XP level 5. HP: 36/46 MP: 5/5
  2710 | D:3      | Found a shimmering altar of Xom.
  2712 | D:3      | Found a blossoming altar of Fedhas.
  2712 | D:3      | Found an opulent altar of Gozag.
  2714 | D:3      | Found an iron altar of Okawaru.
  2714 | D:3      | Found a shimmering altar of Xom.
  2960 | D:3      | Found an opulent altar of Gozag.
  3077 | D:3      | Found an iron altar of Okawaru.
  3138 | D:3      | Found a hide-covered altar of Uskayaw.
  3481 | D:3      | Reached XP level 6. HP: 33/53 MP: 6/6
  3957 | D:4      | Found a bloodstained altar of Trog.
  4347 | D:4      | Found a staircase to the Ecumenical Temple.
  4356 | Temple   | Entered the Ecumenical Temple
  4621 | D:3      | Became a worshipper of Gozag Ym Sagoz the Greedy
  4671 | D:4      | Got the Writings on the Spider
  4835 | D:4      | Reached XP level 7. HP: 11/62 MP: 7/7
  5446 | D:5      | Entered Level 5 of the Dungeon
  5797 | D:4      | Found a basalt altar of Yredelemnul.
  5899 | D:5      | Found a radiant altar of Vehumet.
  5928 | D:5      | Reached XP level 8. HP: 50/72 MP: 8/8
  6265 | D:5      | Identified the +5 sling of Risk Management {flame, MP+9
                  | Str-5 Dex+6}
  6294 | D:5      | Reached skill level 10 in Fighting
  6525 | D:5      | Identified the +6 spear of Plague {vorpal, Str+3 Dex+3}
  6634 | D:5      | Found an ancient bone altar of Kikubaaqudgha.
  7282 | D:6      | Noticed Blork the orc
  7290 | D:6      | Killed Blork the orc
  7401 | D:6      | Reached skill level 5 in Dodging
  7409 | D:6      | Reached skill level 3 in Polearms
  7646 | D:6      | Reached skill level 4 in Polearms
  7982 | D:6      | Reached XP level 9. HP: 78/78 MP: 9/9
  8546 | D:7      | Reached skill level 5 in Polearms
  8697 | D:7      | Found a sparkling altar of Nemelex Xobeh.
  8748 | D:7      | Reached skill level 6 in Polearms
  9142 | D:7      | Found a transporter.
  9151 | D:7      | Noticed croobank's ghost (novice OpSu)
  9181 | D:7      | Noticed a moth of wrath
  9273 | D:7      | Reached skill level 7 in Polearms
  9446 | D:7      | Found a transporter.
  9477 | D:7      | Noticed a mana viper
  9477 | D:7      | Noticed a mana viper
  9479 | D:7      | Noticed a mana viper
  9481 | D:7      | Killed a moth of wrath
  9482 | D:7      | Reached skill level 8 in Polearms
  9484 | D:7      | Reached XP level 10. HP: 62/85 MP: 0/10
  9490 | D:7      | Killed croobank's ghost
  9491 | D:7      | Reached skill level 9 in Polearms
  9677 | D:8      | Found a staircase to the Lair.
  9853 | D:8      | Found Pumen's Antique Armour Shop.
  9858 | D:8      | Bought a shiny chain mail for 165 gold pieces
  9991 | D:8      | Noticed a two-headed ogre
 10034 | D:8      | Killed a two-headed ogre
 10035 | D:8      | Reached skill level 10 in Polearms
 10171 | D:8      | Identified the +1 helmet of Luoxtoq {MP+9 Str+2 Slay+5
                  | Stlth-}
 10567 | D:9      | Noticed a two-headed ogre
 10581 | D:9      | Killed a two-headed ogre
 10712 | D:9      | Noticed a two-headed ogre
 10715 | D:9      | Reached skill level 11 in Polearms
 10722 | D:9      | Killed a two-headed ogre
 10782 | D:9      | Reached XP level 11. HP: 81/90 MP: 11/11
 10889 | D:9      | Noticed a two-headed ogre
 10898 | D:9      | Killed a two-headed ogre
 11195 | D:9      | Noticed Erica
 11208 | D:9      | Killed Erica
 11209 | D:9      | Reached skill level 12 in Polearms
 11289 | D:9      | Reached skill level 1 in Shields
 11289 | D:9      | Reached skill level 1 in Evocations
 11363 | D:9      | Found a staircase to the Orcish Mines.
 11490 | D:10     | Entered Level 10 of the Dungeon
 11875 | D:10     | Found a broken altar of Ashenzari.
 11913 | D:10     | Found a shadowy altar of Dithmenos.
 12190 | D:11     | Noticed a white ugly thing
 12200 | D:11     | Killed a white ugly thing
 12222 | D:11     | Noticed a two-headed ogre
 12231 | D:11     | Killed a two-headed ogre
 12489 | D:11     | You fall into a shaft and drop 3 floors!
 12497 | D:14     | Noticed a two-headed ogre
 12660 | D:13     | Noticed a deep elf pyromancer
 12667 | D:13     | Killed a deep elf pyromancer
 12771 | D:12     | Reached skill level 5 in Shields
 12771 | D:12     | Reached skill level 5 in Evocations
 12777 | D:12     | Noticed Nergalle
 13183 | D:11     | Reached XP level 12. HP: 58/97 MP: 12/12
 13338 | Lair:1   | Entered Level 1 of the Lair of Beasts
 13425 | Lair:1   | Noticed Joseph
 13508 | Lair:1   | Killed Joseph
 14121 | Lair:2   | Noticed a five-headed hydra
 14131 | Lair:2   | Killed a five-headed hydra
 14202 | Lair:2   | Found a staircase to the Snake Pit.
 14258 | Lair:2   | Found a staircase to the Shoals.
 15717 | Lair:3   | Noticed a death yak
 15734 | Lair:3   | Noticed a seven-headed hydra
 15745 | Lair:3   | Noticed a death yak
 15747 | Lair:3   | Noticed a death yak
 15749 | Lair:3   | Noticed a death yak
 15755 | Lair:3   | Killed a seven-headed hydra
 15755 | Lair:3   | Killed a death yak
 15755 | Lair:3   | Killed a death yak
 15755 | Lair:3   | Killed a death yak
 15755 | Lair:3   | Killed by an exploding elephant... ignited by their inner
                  | flame

Illustrated notes

Levels and vault maps discovered:
D:1:      lemuel_arrival_hallway, layout_loops_cross,
          shapermc_ecumenical_altar_rom_forum
D:2:      layout_basic, minmay_fractal_squares_5
D:3:      layout_basic, okawaru_gym_becter, doesnt_xom_only_xom,
          general_overflow_altar, mainiacjoe_overflow_paths,
          nicolae_overflow_two_pavilions, nicolae_overflow_hidden_temple,
          minmay_shallow_snake_nest
D:4:      layout_loops_ring, trog_butcher_becter,
          lemuel_mausoleum_altar_yredelemnul, minmay_temple_entry_butterflies
D:5:      layout_layer_cave, vehumet_statue, mainiacjoe_overflow_alcove_4,
          minmay_misc_feat_more_columns
D:6:      minmay_recursive_quarters, layout_cave_pods, uniq_blork_the_orc
D:7:      layout_loops_ring, nemelex_xobeh_ov_fountains_minmay,
          gammafunk_ghost_berserking_beasts
D:8:      layout_loops_ring, lair_entry_dummy, serial_shops, nicolae_shop_trees
D:9:      layout_loops_ring, david_orc_4, uniq_erica
D:10:     layout_small_grid, mainiacjoe_overflow_big_doors,
          mainiacjoe_overflow_boulevard
D:11:     layout_basic, minmay_misc_feat_five
D:12:     layout_rooms, hangedman_abyss_or_decor_passed, uniq_nergalle
D:13:     layout_rooms, erik_vaults_1
D:14:     layout_cave_pools, serial_shops, nicolae_shop_advertising_works
          [nicolae_subvault_shop_adworks], minmay_misc_feat_pillars
Temple:   nicolae_temple_bog_church
Lair:1:   layout_misc_corridors, nicolae_quartered_pool_impasse,
          lemuel_fruit_tree, uniq_joseph
Lair:2:   layout_small_grid, shoals_dummy_entry, guppyfry_snake_entry_garden,
          lemuel_fruit_fields
Lair:3:   layout_regular_city, enter_volcano_4

Skill      XL: |  1  2  3  4  5  6  7  8  9 10 11 12 |
---------------+-------------------------------------+-----
Fighting       | 4 5 6 8 9 10 | 10.0
Dodging        | 5 9 |  9.6
Polearms       | 4 8 11 12 | 12.0
Shields        | 5 |  5.0
Evocations     | 5 |  5.0
Stealth        | |  1.5

Action                   |  1- 3 |  4- 6 |  7- 9 | 10-12 || total
-------------------------+-------+-------+-------+-------++-------
Melee: Falchion          |    23 |       |       |       ||    23
       Spear             |    34 |       |   201 |   655 ||   890
       Quarterstaff      |    55 |   134 |       |       ||   189
       Trident           |       |    64 |   179 |       ||   243
Throw: Javelin           |       |    10 |     6 |     8 ||    24
       Dart              |       |       |       |    11 ||    11
       Throwing net      |       |       |       |     6 ||     6
       Boomerang         |       |       |       |     3 ||     3
Invok: Potion Petition   |       |       |       |     1 ||     1
Evoke: Wand              |       |       |     2 |    11 ||    13
  Use: Scroll            |       |       |    11 |    14 ||    25
 Stab: Sleeping          |     4 |       |       |       ||     4
       Distracted        |       |       |     2 |     4 ||     6
       Held in net/web   |       |       |       |     3 ||     3
Armor: Leather armour    |    37 |       |       |       ||    37
       Chain mail        |       |   118 |   188 |    54 ||   360
       Plate armour      |       |       |       |    89 ||    89
       Scale mail        |       |       |       |    16 ||    16
Dodge: Dodged            |    96 |    75 |   113 |   175 ||   459
Block: Buckler           |       |    11 |    45 |    64 ||   120
